 Dungeon Crawl Stone Soup version 0.30-a0-321-gf7783e6616 (webtiles) character file.

Game seed: 1619173862633000366

4 Jorund the Grasshopper (level 1, 0/17 HPs)
             Began as a Gnoll Wanderer on Oct 26, 2022.
             Slain by a jackal (3 damage)
             ... on level 1 of the Dungeon.
             The game lasted 00:00:38 (137 turns).

Jorund the Grasshopper (Gnoll Wanderer)              Turns: 137, Time: 00:00:39

Health: 0/17       AC:  2    Str: 10    XL:     1   Next: 60%
Magic:  4/4        EV: 11    Int: 11    God:
Gold:   0          SH:  5    Dex: 12    Spells: 4/5 levels left

rFire   . . .      SeeInvis .    a - +0 dagger
rCold   . . .      Faith    .    d - +0 buckler
rNeg    . . .      Spirit   .    c - +0 robe
rPois   .          Reflect  .    (no helmet)
rElec   .          Harm     .    (no cloak)
rCorr   .          Rampage  .    (no gloves)
Will    .....                    (no boots)
Stlth   +.........               (no amulet)
HPRegen 0.22/turn                (no ring)
MPRegen 0.09/turn                (no ring)

@: no status effects
A: fangs 1, strong nose, distributed training
a: no special abilities


You were on level 1 of the Dungeon.
You visited 1 branch of the dungeon, and saw 1 of its levels.

Inventory:

Hand Weapons
 a - a +0 dagger (weapon)
Armour
 c - a +0 robe (worn)
 d - a +0 buckler (worn)
Potions
 b - a potion of heal wounds


   Skills:
 + Level 2.4 Fighting
 + Level 0.1 Short Blades
 + Level 0.1 Long Blades
 + Level 0.1 Axes
 + Level 0.1 Maces & Flails
 + Level 0.1 Polearms
 + Level 0.1 Staves
 + Level 0.1 Ranged Weapons
 + Level 0.1 Throwing
 + Level 0.1 Armour
 + Level 0.1 Dodging
 + Level 0.1 Stealth
 + Level 4.4 Shields
 + Level 0.1 Unarmed Combat
 + Level 2.6 Spellcasting
 + Level 0.1 Conjurations
 + Level 3.6 Hexes
 + Level 0.1 Summonings
 + Level 0.1 Necromancy
 + Level 5.3 Translocations
 + Level 0.1 Transmutations
 + Level 0.1 Fire Magic
 + Level 0.1 Ice Magic
 + Level 0.1 Air Magic
 + Level 0.1 Earth Magic
 + Level 0.1 Poison Magic
 + Level 0.2 Invocations
 + Level 2.4 Evocations


You had 4 spell levels left.
You knew the following spells:

 Your Spells              Type           Power      Damage    Failure   Level
a - Slow                  Hex            36%        N/A       8%          1

Your spell library contained the following spells:

 Spells                   Type           Power      Damage    Failure   Level
 Apportation              Tloc           26%        N/A       3%          1
 Teleport Other           Tloc           13%        N/A       12%         3
 Ensorcelled Hibernation  Hex/Ice        10%        N/A       24%         2
 Confusing Touch          Hex            9%         N/A       24%         3


Dungeon Overview and Level Annotations

Branches:
Dungeon (1/15)

Altars:


Innate Abilities, Weirdness & Mutations

You have very sharp teeth.
Your uncanny sense of smell can sniff out nearby items.
Your experience applies equally to all skills.


Message History

No target in view!
You start resting.
HP restored.
A jackal comes into view.
The jackal barks!
A jackal is nearby!
A jackal is nearby!
A jackal comes into view.
You block the jackal's attack.
You barely miss the jackal. Your bite misses the jackal.
The jackal barely misses you.
You closely miss the jackal.
The jackal bites you but does no damage. x2
You closely miss the jackal.
A hobgoblin comes into view.
The jackal barely misses you.
You closely miss the jackal. The jackal closely misses you.
You closely miss the jackal. Your bite misses the jackal.
The jackal bites you but does no damage.
The jackal barely misses you. The jackal bites you.
You block the jackal's attack.
You barely miss the jackal.
The hobgoblin shouts!
You hear a shout!
You block the jackal's attack. x2
You barely miss the jackal. Your bite misses the jackal.
The jackal closely misses you. The jackal bites you. x2
The jackal barely misses you.
You hit the jackal.
The jackal is severely wounded.
You block the jackal's attack. The jackal misses you.
The jackal closely misses you.
You hit the jackal but do no damage.
The jackal is severely wounded.
A jackal comes into view.
The jackal bites you. x2
A hobgoblin comes into view.
The jackal bites you.
* * * LOW HITPOINT WARNING * * *
The jackal attacks as you move away! The jackal bites you.
You die...

## #†# ..#.# .# #.# #.#.#
.## #.# #.#.##### ..###
#.# #...†...# #...###.#
#.......#.
###..##.#########.........
# #.....#..........#.#.#.#
###...###.######..........
............ +@.#.#.#.#.
###.......# #hh.......
.##.###.### #g#.#.#.#.
.♣♣.♣ .# #........ .♣.♣♣
.# .#.#.#.#h ♣.♣♣ # . ....
.. ♣♣.# # #.#.# # ♣.♣♣
...g .♣♣


You could see 3 jackals and 2 hobgoblins.

Vanquished Creatures
  An endoplasm (D:1)
  A giant cockroach (D:1)
  A quokka (D:1)
3 creatures vanquished.

Notes
Turn   | Place    | Note
-------+----------+-------------------------------------------
     0 | D:1      | Jorund the Gnoll Wanderer began the quest for the Orb.
     0 | D:1      | Jorund set off with the following items: a +0 dagger, a
                  | potion of heal wounds, a +0 robe, a +0 buckler; and the
                  | following spells available to memorise: Apportation, Slow,
                  | Teleport Other, Confusing Touch, Ensorcelled Hibernation.
     0 | D:1      | Reached XP level 1. HP: 17/17 MP: 4/4
     2 | D:1      | Learned a level 1 spell: Slow
   137 | D:1      | Slain by a jackal

Illustrated notes

Levels and vault maps discovered:
D:1:      nagdon_arrival_zigzag_paths, layout_basic, serial_shops,
          nicolae_shop_temple_entry_statues_fountains, minmay_misc_feat_alley,
          hex_large

Action                   || total
-------------------------++-------
Melee: Dagger            ||    22
       Bite              ||     3
Armor: Robe              ||     5
Dodge: Dodged            ||    16
Block: Buckler           ||     5

Table legend: (Time is in decaauts)
 A = Elapsed time spent in this place.
 B = Non-inter-level travel time spent in this place.
 C = Inter-level travel time spent in this place.
 D = Time resting spent in this place.
 E = Time spent auto-exploring this place.
 F = Levels seen in this place.
 G = Mean time per level.
                   A        B        C        D        E       F      G
               +--------+--------+--------+--------+--------+-----+--------+
         Total |    138 |    138 |      0 |     24 |     77 |   1 |  138.0 |
       Dungeon |    138 |    138 |      0 |     24 |     77 |   1 |  138.0 |
               +--------+--------+--------+--------+--------+-----+--------+

Top non-repeatable levels by time:
     D:1: 138 daAuts
